 Dungeon Crawl Stone Soup version 0.30-a0-777-ga9a30cbeda (webtiles) character file.

Game seed: 9891681039008407392

53 mopl the Sneak (level 3, -2/18 HPs)
             Began as a Vine Stalker Brigand on Feb 12, 2023.
             Slain by a gnoll
             ... wielding a +0 halberd
              (8 damage)
             ... on level 3 of the Dungeon on Feb 13, 2023.
             The game lasted 00:02:07 (1357 turns).

mopl the Sneak (Vine Stalker Brigand)               Turns: 1357, Time: 00:02:08

Health: -2/18      AC:  3    Str: 13    XL:     3   Next: 87%
Magic:  0/4        EV: 11    Int: 11    God:
Gold:   161        SH:  4    Dex: 17    Spells: 2/2 levels left

rFire   . . .      SeeInvis .    a - +2 dagger
rCold   . . .      Faith    .    l - +0 buckler
rNeg    . . .      Spirit   +    b - +0 robe
rPois   .          Reflect  .    (no helmet)
rElec   .          Harm     .    c - +0 cloak
rCorr   .          Rampage  .    (no gloves)
Will    .....                    (no boots)
Stlth   +++                      (no amulet)
HPRegen 0.23/turn                (no ring)
MPRegen 0.09/turn                (no ring)

@: no status effects
A: fangs 2, magic shield, antimagic bite, no potion heal 2
a: no special abilities


You were on level 3 of the Dungeon.
You visited 1 branch of the dungeon, and saw 3 of its levels.

You collected 161 gold pieces.

Inventory:

Hand Weapons
 a - a +2 dagger (weapon)
Missiles
 d - 9 poisoned darts (quivered)
 e - 3 curare-tipped darts
Armour
 b - a +0 robe (worn)
 c - a +0 cloak (worn)
 l - a +0 buckler (worn)
Scrolls
 f - 4 scrolls of fog {unknown}
 h - 2 scrolls of teleportation {unknown}
 i - a scroll of noise {unknown}
 j - a scroll of enchant armour {unknown}
Potions
 g - 4 potions of heal wounds {unknown}
 k - a potion of curing {unknown}


   Skills:
 - Level 1.7 Fighting
 + Level 2.5 Short Blades
 + Level 2.5 Throwing
 - Level 0.7 Dodging
 + Level 5.4 Stealth
 + Level 0.5 Shields


You had 2 spell levels left.
You didn't know any spells.
Your spell library contained the following spells:

 Spells                   Type           Power      Damage    Failure   Level
 Ignite Poison            Fire/Tmut/Pois 0%         N/A       82%         3
 Portal Projectile        Hex/Tloc       0%         N/A       82%         3
 Yara's Violent Unravell  Hex/Tmut       0%         3d3       100%        5
 Enfeeble                 Hex            0%         N/A       100%        7
 Necromutation            Tmut/Necr      0%         N/A       100%        8


Dungeon Overview and Level Annotations

Branches:
Dungeon (3/15)

Altars:

Shops:
D:2 :


Innate Abilities, Weirdness & Mutations

You have extremely sharp teeth.
When hurt, damage is shared between your health and your magic reserves.
Your bite disrupts and absorbs the magic of your enemies.
Potions cannot restore your health.


Message History

What level of the Dungeon? (default 1, ? - help) You're already here!
(D) Dungeon
Where to? (Enter - D:2, ? - help)
What level of the Dungeon? (default 1, ? - help) As you open the door, it creaks loudly!
There is an open door here.
There is a stone staircase leading down here.
You climb downwards.
The goblin shouts!
Found 13 gold pieces, a scroll labelled COUZXY FANELE and a cyan potion.
There is a stone staircase leading up here.
A gnoll and a bat come into view.
The bat hits you but does no damage. The bat barely misses you.
You hit the bat. Your bite misses the bat.
The bat is severely wounded.
The bat hits you but does no damage. The bat barely misses you. x2
You barely miss the bat. You bite the bat.
You kill the bat!
The bat hits you but does no damage. x2
An orc comes into view. It is wielding a +0 hand axe.
The orc shouts!
The bat hits you.
There is a stone staircase leading up here.
You hit the bat but do no damage. Your bite misses the bat.
The gnoll shouts! x2
The bat barely misses you.
You hit the goblin.
You kill the goblin!
The bat misses you. The bat hits you. The bat hits you but does no damage.
An orc comes into view. It is wielding a +0 club.
The bat barely misses you.
A gnoll comes into view. It is wielding a +0 club.
The gnoll hits you from afar with a +0 spear.
The bat closely misses you. The bat misses you.
The orc hits you with a +0 hand axe. The gnoll misses you.
The gnoll hits you from afar with a +0 spear.
The gnoll hits you from afar with a +0 halberd!
You die...

........#
.........#
.........o
.........#
.........#
.!.......# #
.........##.###.
......o..g.....#
#....b@gg...g..
.....$.###..##.#
##..b#. .b# ....
.? .# ... ... ##
.. .... . .....
##....


You could see 4 gnolls, 2 orcs and 2 bats.

Vanquished Creatures
  An adder (D:2)
  4 bats
  7 endoplasms
  2 giant cockroaches
  5 goblins
  5 hobgoblins
  2 quokkas
  4 ball pythons
  2 frilled lizards (D:2)
  3 kobolds
  5 rats (D:1)
40 creatures vanquished.

Notes
Turn   | Place    | Note
-------+----------+-------------------------------------------
     0 | D:1      | mopl the Vine Stalker Brigand began the quest for the Orb.
     0 | D:1      | Reached XP level 1. HP: 11/11 MP: 2/2
    62 | D:1      | Reached skill level 2 in Short Blades
    73 | D:1      | Reached skill level 2 in Throwing
    73 | D:1      | Reached skill level 5 in Stealth
    76 | D:1      | Reached XP level 2. HP: 15/15 MP: 1/3
   660 | D:2      | Reached XP level 3. HP: 16/18 MP: 4/4
   748 | D:2      | Upgraded the game from 0.30-a0-772-g5528072125 to
                  | 0.30-a0-777-ga9a30cbeda
   763 | D:2      | Found a faded altar of an unknown god.
   837 | D:2      | Got the Volume of the Eggplant
   904 | D:2      | Found Uxzabet's Book Shop.
  1357 | D:3      | Slain by a gnoll

Illustrated notes

Levels and vault maps discovered:
D:1:      co_arrival_square_in_a_square_in_a_square, layout_loops_ring
D:2:      layout_basic, serial_shops, shop_statue,
          ebering_ecumenical_altar_sacrificial, st_stairs_3,
          chequers_serial_rivers_micro_d, grunt_decor_mini_mirrors,
          minmay_heptomino_w4
D:3:      minmay_skewed_foursquare, layout_basic, nicolae_overflow_crystal_walls

Skill      XL: |  1 |
---------------+----+-----
Short Blades   | 2 |  2.5
Throwing       | 2 |  2.5
Stealth        | 5 |  5.4
Fighting       | |  1.7
Dodging        | |  0.7
Shields        | |  0.5

Action                     || total
---------------------------++-------
  Melee: Dagger            ||    77
         Bite              ||     8
  Throw: Dart              ||     2
   Stab: Sleeping          ||     8
         Distracted        ||     1
 Armour: Robe              ||    16
  Dodge: Dodged            ||    48
  Block: Buckler           ||     7

Table legend: (Time is in decaauts)
 A = Elapsed time spent in this place.
 B = Non-inter-level travel time spent in this place.
 C = Inter-level travel time spent in this place.
 D = Time resting spent in this place.
 E = Time spent auto-exploring this place.
 F = Levels seen in this place.
 G = Mean time per level.
                   A        B        C        D        E       F      G
               +--------+--------+--------+--------+--------+-----+--------+
         Total |   1349 |   1319 |     30 |      0 |   1022 |   3 |  449.7 |
       Dungeon |   1349 |   1319 |     30 |      0 |   1022 |   3 |  449.7 |
               +--------+--------+--------+--------+--------+-----+--------+

Top non-repeatable levels by time:
     D:2: 691 daAuts
     D:1: 648 daAuts
     D:3: 10 daAuts
